AoeStats
← YELOH?????

Arena

506023620Analyzed
3v3 RM · 20d ago on Sep 12, 2026· 44m 27s· 6 players
Game mode
Random Map
Map size
Normal (6 player)
Population
200
Speed
Normal
Resources
Standard
Victory
Conquest
Starting age
Dark Age
Ending age
Imperial Age
RankedLock teamsTeams togetherTeam positionsShared explorationLock speedFull tech treeHidden civsTurbo modeCheats
Victory
Defeat
🇧🇷 Ethiopians · Brazil
928
+12
🇧🇷 Celts · Brazil
818
+17
🇧🇷 Franks · Brazil
803
+17
🇨🇱 Gurjaras · Chile
854
-26
🇨🇱 Bohemians · Chile
833
-15
🇨🇱 Cumans · Chile
819
-15
Tr3sh3
10:26 Feudal Age
14:54 Castle Age
13:33 Double-Bit Axe
13:47 Loom
13:47 Horse Collar
25:33 Wheelbarrow
29:44 Imperial Age
31:56 Chemistry
36:56 Bow Saw
36:50 Heavy Plow
39:15 Hand Cart
YELOH?????
9:57 Feudal Age
15:12 Horse Collar
16:47 Double-Bit Axe
19:50 Castle Age
18:54 Scale Barding Armor
19:02 Forging
24:02 Chain Barding Armor
24:19 Iron Casting
24:57 Husbandry
25:11 Bloodlines
25:23 Heavy Plow
30:16 Bow Saw
30:48 Wheelbarrow
32:37 Gold Mining
35:39 Gold Shaft Mining
35:00 Stone Mining
38:13 Imperial Age
38:18 Heavy Camel Rider
40:39 Plate Barding Armor
40:29 Frontier Guards
41:18 Crop Rotation
42:02 Conscription
norgotror
10:03 Feudal Age
11:02 Feudal Age
15:47 Castle Age
17:35 Wheelbarrow
16:46 Loom
17:19 Horse Collar
17:25 Double-Bit Axe
19:00 Wheelbarrow
27:39 Pikeman
27:49 Pikeman
34:05 Bow Saw
36:46 Fletching
37:12 Heavy Plow
41:00 Bloodlines
40:11 Light Cavalry
41:19 Bodkin Arrow
eduardolure
12:35 Feudal Age
13:19 Loom
17:08 Castle Age
16:57 Wheelbarrow
16:30 Double-Bit Axe
18:57 Fletching
23:54 Scale Mail Armor
24:31 Horse Collar
25:56 Forging
28:37 Royal Heirs
35:28 Imperial Age
33:44 Chain Mail Armor
35:14 Gold Mining
35:33 Capped Ram
38:24 Iron Casting
41:38 Bow Saw
42:26 Plate Mail Armor
44:57 Two-Man Saw
44:34 Gold Shaft Mining
44:02 Heavy Plow
44:18 Town Watch
Bon Clay
11:04 Feudal Age
19:07 Castle Age
26:14 Pikeman
30:08 Scale Barding Armor
30:13 Forging
34:01 Chain Barding Armor
34:17 Iron Casting
39:24 Imperial Age
37:27 Scale Mail Armor
39:49 #83
40:12 Chain Mail Armor
41:01 Squires
40:33 Cavalier
41:54 Plate Barding Armor
42:20 Blast Furnace
41:51 Husbandry
Emporio Ivankov
12:35 Feudal Age
18:43 Castle Age
17:25 Double-Bit Axe
25:21 Gold Mining
37:10 Wheelbarrow
36:57 Bow Saw
36:30 Horse Collar
38:22 Pikeman
Connection lost

Rejoining the realm…

Still unreachable

The connection could not be restored.

Session expired

The server has moved on; the page needs a fresh start.